[Event "Festival Groningen-A 2024"]
[Site "Groningen"]
[Date "2024.12.29"]
[Round "8.1"]
[White "De Winter, Arthur"]
[Black "Narayanan S L"]
[Result "1/2-1/2"]
[ECO "B90"]
[WhiteElo "2446"]
[BlackElo "2647"]
[Annotator "TA"]
[PlyCount "52"]
[EventDate "2024.12.21"]
[EventType "swiss"]
[EventCountry "NED"]
[SourceTitle "playchess.com"]
[Source "ChessBase"]
[SourceQuality "1"]
[TimeControl "40/5400+30:1800+30"]

1. e4 c5 2. Nf3 d6 3. d4 cxd4 4. Nxd4 Nf6 5. Nc3 a6 6. f3 e5 7. Nb3 Be6 8. Be3 Be7 9. Qd2 h5 10. O-O-O Nbd7 11. Kb1 Rc8 12. f4 b5 13. h3 Qc7 14. Bd3 Nb6 15. fxe5 (15. Bxb6 {seems wilder.} Qxb6 16. Rhe1 O-O 17. fxe5 dxe5 18. Nd5) 15... dxe5 16. Bxb6 Qxb6 17. Nd5 $1 Nxd5 18. exd5 Bxd5 19. Rhe1 (19. Bxb5+ $5 Bc6 20. Bd3 $11 (20. Bxc6+ Qxc6 21. Rhe1 Bf6 $11)) 19... Qc7 20. Qe2 Be6 (20... Kf8 $17 21. Rf1 Rd8) 21. Nd2 (21. Qxe5 {simplifies} Qxe5 22. Rxe5 Bf6 23. Re2) 21... Kf8 22. Qxe5 Qxe5 23. Rxe5 Bf6 {[%emt 0:00:58] A strong pair of Bishops.} 24. Re2 h4 25. Rf1 Rh5 26. Ne4 Be5 1/2-1/2

[Event "Festival Groningen-A 2024"]
[Site "Groningen"]
[Date "2024.12.29"]
[Round "8.2"]
[White "Beerdsen, Thomas"]
[Black "Schoppen, Casper"]
[Result "1-0"]
[ECO "B31"]
[WhiteElo "2502"]
[BlackElo "2539"]
[Annotator "TA"]
[PlyCount "101"]
[EventDate "2024.12.21"]
[EventType "swiss"]
[EventCountry "NED"]
[SourceTitle "playchess.com"]
[Source "ChessBase"]
[SourceQuality "1"]
[TimeControl "40/5400+30:1800+30"]

1. e4 c5 2. Nf3 Nc6 3. Bb5 g6 4. O-O Bg7 5. c3 Nf6 6. Re1 O-O 7. d4 d5 8. e5 Ne4 9. Be3 Qb6 10. a4 cxd4 11. Nxd4 Qc7 12. f3 Nc5 13. Nxc6 bxc6 14. Bxc5 cxb5 15. Qxd5 Be6 16. Qd4 Rfd8 17. Qe3 Bh6 18. Qf2 Rd5 19. Bd4 a5 20. Nd2 Bg7 (20... Bf4 $11) 21. f4 $16 Qc6 (21... Bf8 $142) 22. b3 $1 $16 bxa4 23. c4 (23. bxa4 $6 Rdd8 $14) 23... Rdd8 24. Rxa4 Qd7 25. Bc3 Qd3 26. Rc1 (26. Bxa5 $6 Rxa5 27. Rxa5 Qxd2 28. Qxd2 Rxd2 $11) 26... Bh6 27. Rxa5 Rxa5 28. Bxa5 Rd4 29. g3 $1 g5 {[%emt 0:01:09] [#]} (29... Rd7 $16 {keeps fighting.}) 30. Bc3 $2 (30. Nf3 $1 $18 Re4 31. fxg5) 30... Rd8 $11 31. Nf1 Bh3 32. Bb4 Qxb3 33. Bxe7 Rd1 34. Rxd1 Qxd1 35. fxg5 (35. Bxg5 Bf8 $19) 35... Bg7 36. Bd6 h6 37. c5 hxg5 ({Don't go for} 37... Qxf1+ $2 38. Qxf1 Bxf1 39. Kxf1 $18) 38. c6 Qd5 39. c7 Bc8 $2 (39... Qd1 $16) 40. Qg2 $2 ({White has to play} 40. Qd2 $18 Qc6 41. Qxg5) 40... Qd4+ $11 41. Qf2 $2 (41. Kh1 $11 Bxe5 42. Bxe5 (42. Qa8 Qxd6 43. Qxc8+ Kg7 $11) 42... Qxe5 43. Qd2 Bb7+ 44. Kg1 Qxc7 45. Qxg5+ Kf8 46. Qh6+ Kg8 47. Qg5+) 41... Qd5 $18 42. Qd2 Qc6 43. Qxg5 Bb7 {[%emt 0:00:13] [#]} 44. Kf2 $1 (44. Qd8+ Kh7 45. Kf2 (45. Qh4+ $2 Bh6 $19) 45... Qf3+ 46. Ke1 Ba6 47. Qh4+ (47. c8=B $2 Qe2#) 47... Bh6 $19) 44... Qc2+ 45. Nd2 Kh7 46. Qf4 Kg8 $2 (46... f6 47. Qb4 (47. exf6 Bh6 $16) 47... f5) 47. g4 $18 Qc6 48. Nf3 Qc2+ 49. Kg3 Qc3 50. Qf5 Qc6 51. Kh4 1-0

[Event "Festival Groningen-A 2024"]
[Site "Groningen"]
[Date "2024.12.29"]
[Round "8.3"]
[White "Elgersma, Onno"]
[Black "Maatman, Nick"]
[Result "0-1"]
[ECO "C42"]
[WhiteElo "2322"]
[BlackElo "2375"]
[Annotator "TA"]
[PlyCount "70"]
[EventDate "2024.12.21"]
[EventType "swiss"]
[EventCountry "NED"]
[SourceTitle "playchess.com"]
[Source "ChessBase"]
[SourceQuality "1"]
[TimeControl "40/5400+30:1800+30"]

1. e4 e5 2. Nf3 Nf6 3. Nxe5 d6 4. Nf3 Nxe4 5. Nc3 Nxc3 6. dxc3 Be7 7. Be3 Nd7 8. Qd2 O-O 9. O-O-O Nf6 10. h4 Bg4 11. Be2 Qd7 12. Ng5 Bxe2 13. Qxe2 h6 14. Qd3 g6 (14... hxg5 $2 15. hxg5 g6 16. gxf6 Bxf6 17. Bd4 $18) (14... Rfe8 $11) 15. Ne4 (15. f3 $5) 15... h5 16. Bh6 (16. Kb1 {simplifies} Nxe4 17. Qxe4 Bf6 18. Rhg1) 16... Rfe8 {[%emt 0:02:18] aiming for ...Nxe4.} 17. Qd4 Qf5 18. Rhe1 c5 $1 $36 {[%emt 0:02:17][%mdl 2048] Black fights for an advantage.} 19. Nxf6+ Bxf6 20. Rxe8+ ({Better is} 20. Qf4 $1 $15) 20... Rxe8 $17 21. Qf4 Qxf4+ 22. Bxf4 Bxh4 {[%emt 0:01:28][%mdl 4096] Endgame KRB-KRB. Black is a pawn up.} 23. g3 {[%emt 0:00:35] [#]} Be7 $1 24. b4 Rd8 25. Rd5 f5 26. Kd2 Kf7 27. bxc5 dxc5 28. Rxd8 Bxd8 $19 {[%emt 0:00:01] KB-KB. Black is a pawn up.} 29. Kd3 (29. c4 {might work better.}) 29... Ke6 30. Kc4 $2 (30. Be3) 30... Be7 31. Kb5 $2 (31. Bd2) 31... g5 32. Bb8 h4 33. gxh4 gxh4 {[%emt 0:00:02] ( -> ...Bd6)} 34. Bh2 Bd6 35. f4 Kd5 0-1

[Event "Festival Groningen-A 2024"]
[Site "Groningen"]
[Date "2024.12.29"]
[Round "8.4"]
[White "Pham, Khoi"]
[Black "Manish Anto Cristiano F"]
[Result "0-1"]
[ECO "E04"]
[WhiteElo "2285"]
[BlackElo "2296"]
[Annotator "RC"]
[PlyCount "90"]
[EventDate "2024.12.21"]
[EventType "swiss"]
[EventCountry "NED"]
[SourceTitle "playchess.com"]
[Source "ChessBase"]
[SourceQuality "1"]
[TimeControl "40/5400+30:1800+30"]

1. d4 Nf6 2. c4 e6 3. g3 d5 4. Bg2 dxc4 5. Nf3 Nc6 6. Qa4 Bb4+ 7. Bd2 Nd5 8. Qc2 Nb6 9. Bxb4 Nxb4 10. Qc3 Qe7 11. Na3 N4d5 12. Qa5 O-O 13. O-O Bd7 14. Ne5 Rfc8 15. Qc5 Qd8 16. Naxc4 Nxc4 17. Qxc4 Be8 18. Rfd1 c6 19. Rac1 Qe7 20. Qc5 Kf8 21. Qc2 Kg8 22. Qb3 Rd8 23. e4 Nb6 24. a4 c5 25. dxc5 Nxa4 26. Rxd8 Rxd8 27. Qa3 b6 28. b4 bxc5 29. bxc5 Rc8 30. Rc4 Rxc5 31. Nd3 Rc7 32. Rxa4 Bxa4 33. Qxa4 Qd7 34. Qb3 a5 35. Ne5 a4 36. Qb4 Rc1+ 37. Bf1 Qa7 38. Qb5 Rc8 39. Bc4 a3 40. Qb3 Rb8 41. Qf3 Qc7 42. Qh5 Ra8 43. Ba2 Ra5 44. f4 Rb5 45. Bxe6 Qb6+ 0-1

[Event "Festival Groningen-A 2024"]
[Site "Groningen"]
[Date "2024.12.29"]
[Round "8.5"]
[White "Stijve, Theo"]
[Black "Van Foreest, Machteld"]
[Result "1-0"]
[ECO "C50"]
[WhiteElo "2396"]
[BlackElo "2309"]
[Annotator "TA"]
[PlyCount "85"]
[EventDate "2024.12.21"]
[EventType "swiss"]
[EventCountry "NED"]
[SourceTitle "playchess.com"]
[Source "ChessBase"]
[SourceQuality "1"]
[TimeControl "40/5400+30:1800+30"]

1. e4 e5 2. Nf3 Nc6 3. Bc4 Bc5 4. Nc3 Nf6 5. d3 a6 6. a4 d6 7. Nd5 Nxd5 8. Bxd5 {[%emt 0:03:53] The position is equal.} h6 9. c3 Qf6 10. b4 Bb6 11. a5 Ba7 12. Bxc6+ bxc6 13. Be3 Bg4 14. h3 Bxf3 15. Qxf3 Qxf3 16. gxf3 g5 17. h4 f6 18. Ke2 (18. hxg5 {simplifies} Bxe3 19. fxe3 fxg5 20. Ra2) 18... Ke7 (18... Bxe3 $11 19. fxe3 Kf7) 19. Rag1 {[%emt 0:02:33][%cal Rh4g5] hxg5 is the strong threat.} Bxe3 20. fxe3 $14 {[%emt 0:00:09][%cal Of3f4,Bf2e3,Be3d4][%mdl 4128] Endgame. KRR-KRR} Rag8 21. d4 exd4 22. exd4 c5 23. bxc5 {[%emt 0:04:02] White now steadily converts the win.} dxc5 24. Rb1 (24. dxc5 $6 Ke6 $11) 24... Kd6 25. Ke3 h5 26. Rb7 {[%emt 0:02:05] Black must now prevent Ra7. White is more active.} cxd4+ (26... Ra8 $16) 27. cxd4 $18 g4 (27... gxh4 $142 28. Rc1 (28. Rxh4 Rg5 $16) 28... Rc8) 28. Ra7 Rb8 29. Rxa6+ Ke7 30. fxg4 Rb3+ 31. Kf4 hxg4 32. Kxg4 Rg8+ 33. Kf4 Rgg3 34. Rf1 {[%emt 0:02:40] Prevents Rbf3+.} Rh3 35. Kg4 Rbg3+ 36. Kf5 Rxh4 {[%emt 0:01:50][%csl Gf6][%cal Rg3g5] [#]} 37. Re6+ ({Don't take} 37. Rxf6 $6 Rh5+ 38. Kf4 Ra3 $18) 37... Kd7 38. Rxf6 (38. Kxf6 $2 {perishes.} Rh6+ 39. Kf5 Rxe6 $19) 38... Rg7 39. d5 {[%emt 0:01:44] Hoping for a6.} Rhg4 $2 (39... Re7 40. Rf4 Rh5+ 41. Kg6 Rh1) 40. Ke5 Re7+ 41. Re6 {[%emt 0:30:43] [#] And now Rxe7+ would win.} Rg2 42. Rxe7+ Kxe7 43. Ra1 {[%emt 0:00:00] Weighted Error Value: White=0.08 (flawless) /Black=0.41.  Mistake:       	---       	Black=4      Inaccurate:     	White=1     	Black=3      OK:         	White=12    	Black=14     Best:        	White=5     	Black=1} 1-0

[Event "Festival Groningen-A 2024"]
[Site "Groningen"]
[Date "2024.12.29"]
[Round "8.6"]
[White "Poetsch, Hagen"]
[Black "Kollen, Zyon"]
[Result "1/2-1/2"]
[ECO "C08"]
[WhiteElo "2491"]
[BlackElo "2344"]
[Annotator "TA"]
[PlyCount "47"]
[EventDate "2024.12.21"]
[EventType "swiss"]
[EventCountry "NED"]
[SourceTitle "playchess.com"]
[Source "ChessBase"]
[SourceQuality "1"]
[TimeControl "40/5400+30:1800+30"]

1. e4 e6 2. d4 d5 3. Nd2 c5 4. Ngf3 Nf6 5. exd5 exd5 6. Bb5+ Bd7 7. Bxd7+ Nbxd7 8. O-O Be7 9. dxc5 Nxc5 10. Nb3 Nce4 11. Nfd4 Qd7 12. Qf3 O-O 13. Nf5 Rfc8 14. Nxe7+ Qxe7 15. c3 b5 16. Qe2 {[%emt 0:05:01][%cal Of2f3] [#] And now f3! would win.} Qb7 17. f3 Nd6 18. Be3 a5 19. Bd4 Nd7 20. Qf2 {[%emt 0:13:29][%cal Od4g7] next Bxg7! is good for White.} a4 21. Nc5 Nxc5 22. Bxc5 Nc4 23. Bd4 Qc6 24. Rfe1 {[%emt 0:10:42] Weighted Error Value: White=0.07 (flawless) /Black=0.07 (flawless) .  Inaccurate:     	White=1     	Black=1      OK:         	White=3     	Black=2} 1/2-1/2

[Event "Festival Groningen-A 2024"]
[Site "Groningen"]
[Date "2024.12.29"]
[Round "8.7"]
[White "Mitusov, Semen"]
[Black "Laxman, R.R."]
[Result "1-0"]
[ECO "C54"]
[WhiteElo "2465"]
[BlackElo "2310"]
[Annotator "TA"]
[PlyCount "99"]
[EventDate "2024.12.21"]
[EventType "swiss"]
[EventCountry "NED"]
[SourceTitle "playchess.com"]
[Source "ChessBase"]
[SourceQuality "1"]
[TimeControl "40/5400+30:1800+30"]

1. e4 e5 2. Nf3 Nc6 3. Bc4 Bc5 4. c3 Nf6 5. d3 d6 6. O-O h6 7. Nbd2 (7. b4 $5 Bb6 $8 8. Nbd2 $15) 7... a5 8. Re1 O-O 9. Nf1 Bb6 10. Ng3 Ne7 11. d4 Ng6 12. h3 c6 13. Bb3 Be6 14. Bc2 Bc7 15. Be3 Re8 16. Qd2 Kh7 (16... a4 $11) 17. a4 $14 Qe7 18. Rad1 Rad8 19. Qc1 Qf8 20. Nf5 (20. b3 $14) 20... Bxf5 (20... Kh8 $11 {remains equal.}) 21. exf5 $16 Ne7 22. dxe5 dxe5 23. Rxd8 Rxd8 24. Bc5 b6 25. Ba3 {[%emt 0:01:39] White is more active.} e4 26. Bxe4 Nxe4 27. Rxe4 c5 28. Qc2 {[%emt 0:03:26][%cal Oe4e7] Rxe7! would now be deadly.} Nd5 (28... Nxf5 $2 29. g4 $18) 29. b3 Nf6 30. Re1 (30. Re2 $142 $1) 30... Qd6 31. Bb2 c4 32. bxc4 Qf4 {[%emt 0:00:28] [#]} 33. c5 $1 bxc5 34. c4 Qd6 35. Kf1 Kg8 36. Bc3 Qa6 37. Bd2 Qc6 38. Kg1 Kf8 39. Bc3 Qa6 (39... Kg8 $16 {was necessary.} 40. Bxf6 Qxf6) 40. Ne5 (40. Bxf6 $18 Qxf6 41. Qe4) 40... Qd6 (40... Kg8 $16 41. Re3 Qd6) 41. f4 $18 Kg8 42. Qe2 {[%emt 0:00:30] Inhibits Nh5.} Qb6 43. Ng4 Nh5 {[%emt 0:00:30] [#]} 44. f6 $1 Nxf4 $14 45. Qe4 $1 Qb3 {[%emt 0:00:30][%csl LRa4,LRc3] [#]} 46. Qf3 $1 $40 {[%emt 0:09:02][%mdl 128] White has some attack.} Nd3 $2 {[%emt 0:00:00][%mdl 8192] [#]} (46... h5 $14 47. Nh6+ gxh6 48. Qg3+ Ng6 49. Qxc7 Rf8) 47. Nxh6+ $1 Kh7 48. Nxf7 Qxc3 49. Qh5+ Kg8 50. Qh8+ 1-0

[Event "Festival Groningen-A 2024"]
[Site "Groningen"]
[Date "2024.12.29"]
[Round "8.8"]
[White "Palchuk, Andrii"]
[Black "Labruyere, Roger"]
[Result "0-1"]
[ECO "A13"]
[WhiteElo "2372"]
[BlackElo "2344"]
[Annotator "TA"]
[PlyCount "102"]
[EventDate "2024.12.21"]
[EventType "swiss"]
[EventCountry "NED"]
[SourceTitle "playchess.com"]
[Source "ChessBase"]
[SourceQuality "1"]
[TimeControl "40/5400+30:1800+30"]

1. Nf3 d5 2. e3 Nf6 3. c4 e6 4. b3 Be7 5. Bb2 a5 6. a3 Nbd7 7. Be2 Nc5 8. d4 Nce4 9. O-O O-O 10. c5 c6 11. b4 b6 (11... Nd7 $14) 12. Ne5 $16 Qc7 13. f3 bxc5 14. fxe4 axb4 15. axb4 Rxa1 16. Bxa1 cxd4 17. exd5 $2 (17. Bxd4 Nxe4 18. Nc3 Nxc3 19. Bxc3 Bd6 $16) ({White should try} 17. Qxd4 $18 {Threatens to win with Ng4.} c5 18. Qb2) 17... Qxe5 $17 18. Bxd4 Qxd5 19. Nc3 Qg5 20. Rf3 {[%emt 0:04:01] [#]} (20. Qd3 $17) 20... e5 $1 $19 (20... Bxb4 $2 {loses.} 21. Rg3 Qh6 22. Rh3 $18) 21. Rg3 Qf5 22. e4 (22. Rf3 Qe6 23. Bc5) 22... Nxe4 $19 23. Bg4 Nxc3 24. Bxc3 Qf6 25. Bxc8 Rxc8 26. Qe2 Bd6 27. Rd3 h6 28. g3 Qe6 29. Qd1 Be7 30. Rd7 Bg5 31. Rd6 Qc4 32. Qd3 Qxd3 33. Rxd3 e4 34. Rd7 c5 35. h4 cxb4 36. Bxb4 Bf6 37. Be7 Bxe7 38. Rxe7 Rc4 39. Kf2 Kf8 40. Re5 Rc2+ 41. Ke3 (41. Kf1 {keeps fighting.}) 41... Rg2 $19 42. Kf4 (42. Rxe4 $142 Rxg3+ 43. Kf2) 42... Rf2+ $19 43. Kg4 (43. Ke3 $142 Rf3+ 44. Kxe4 Rxg3 45. Kf4) 43... f6 $19 44. Ra5 e3 45. Ra3 h5+ 46. Kh3 e2 47. Re3 f5 48. Re6 Kf7 49. Re5 g6 50. Re3 f4 51. Re4 f3 0-1

[Event "Festival Groningen-A 2024"]
[Site "Groningen"]
[Date "2024.12.29"]
[Round "8.9"]
[White "Vijayakumar, Rishi"]
[Black "Smeets, Kobe"]
[Result "1/2-1/2"]
[ECO "D44"]
[WhiteElo "2204"]
[BlackElo "2349"]
[Annotator "TA"]
[PlyCount "77"]
[EventDate "2024.12.21"]
[EventType "swiss"]
[EventCountry "NED"]
[SourceTitle "playchess.com"]
[Source "ChessBase"]
[SourceQuality "1"]
[TimeControl "40/5400+30:1800+30"]

1. d4 d5 2. c4 c6 3. Nc3 Nf6 4. Nf3 dxc4 5. a4 e6 6. e4 Bb4 7. Bg5 Bxc3+ 8. bxc3 Qa5 9. Bd2 Nxe4 10. Bxc4 b6 11. Ne5 Nxd2 12. Qxd2 (12. Kxd2 $5 O-O 13. Qf3 $11) 12... Ba6 13. O-O Bxc4 14. Nxc4 Qd5 15. Ne3 Qd8 16. f4 g6 17. d5 cxd5 18. f5 $1 Nc6 (18... exf5 19. Nxf5 O-O 20. Qh6 gxf5 21. Rf3 $18) 19. fxe6 fxe6 20. Ng4 Qd6 21. Qg5 Qe7 22. Nf6+ Kd8 23. Rad1 (23. Rae1 $11) 23... Kc8 $17 24. c4 d4 (24... Kb7 $17 {Threatens to win with ...Rhf8.} 25. cxd5 exd5) 25. Qb5 $15 Kb7 26. a5 Nxa5 27. Ne4 Rad8 (27... Raf8 {with more complications.} 28. c5 Qc7 29. Rfe1 Rf5) 28. c5 {[%emt 0:01:48] Threatens to win with Nd6+.} Rd5 29. Rb1 (29. Ra1 $11 Ka8 30. Rfb1) 29... Ka8 30. Qa6 Qb7 (30... d3 $1 $15) 31. Rxb6 $11 Qxa6 32. Rxa6 Nb3 {[%emt 0:01:44] Against Rfa1} 33. Rf7 (33. Rxe6 Nxc5 34. Nxc5 Rxc5 $17) 33... Nxc5 34. Rfxa7+ Kb8 35. Nxc5 Rxc5 36. Ra8+ Kb7 37. R8a7+ (37. Rxh8 Kxa6 38. Rxh7 Kb5 $19) 37... Kc8 38. Ra8+ Kb7 39. R8a7+ (39. Rxh8 $2 {is the wrong capture.} Kxa6 40. Kf2 Rh5 $19) 1/2-1/2

[Event "Festival Groningen-A 2024"]
[Site "Groningen"]
[Date "2024.12.29"]
[Round "8.10"]
[White "Koster, Ramon"]
[Black "Cernov, Henrik"]
[Result "1/2-1/2"]
[ECO "E48"]
[WhiteElo "2330"]
[BlackElo "2187"]
[Annotator "TA"]
[PlyCount "45"]
[EventDate "2024.12.21"]
[EventType "swiss"]
[EventCountry "NED"]
[SourceTitle "playchess.com"]
[Source "ChessBase"]
[SourceQuality "1"]
[TimeControl "40/5400+30:1800+30"]

1. d4 Nf6 2. c4 e6 3. Nc3 Bb4 4. e3 O-O 5. Bd3 c5 6. Nge2 d5 7. cxd5 cxd4 8. exd4 Qxd5 9. O-O Qh5 10. Ne4 Nxe4 11. Bxe4 Bd6 {[%emt 0:01:51][%csl Gd6][%cal Rh5h2] [#]} 12. h3 {[%emt 0:04:18] White is slightly better.} (12. Bf4 {simplifies} Bxf4 13. Nxf4 Qxd1 14. Rfxd1 Nd7 15. Rac1) 12... Nd7 13. Qd3 Nf6 14. Bf3 Qg6 15. Qxg6 hxg6 16. Bf4 Bxf4 17. Nxf4 Rd8 18. Rfd1 Bd7 19. Nd3 Nd5 20. Rac1 Rac8 {[%emt 0:02:30] The position is equal.} 21. Ne5 Be8 22. h4 Kf8 23. g3 {[%emt 0:02:55] Weighted Error Value: White=0.06 (flawless) /Black=0.08 (flawless) .  Inaccurate:     	White=1     	Black=2      OK:         	White=4     	Black=5} 1/2-1/2

[Event "Festival Groningen-A 2024"]
[Site "Groningen"]
[Date "2024.12.29"]
[Round "8.11"]
[White "De Jong, Migchiel"]
[Black "Albers, Sasa"]
[Result "1/2-1/2"]
[ECO "D02"]
[WhiteElo "2275"]
[BlackElo "2268"]
[Annotator "RC"]
[PlyCount "43"]
[EventDate "2024.12.21"]
[EventType "swiss"]
[EventCountry "NED"]
[SourceTitle "playchess.com"]
[Source "ChessBase"]
[SourceQuality "1"]
[TimeControl "40/5400+30:1800+30"]

1. Nf3 Nf6 2. g3 d5 3. Bg2 Nbd7 4. d4 Nb6 5. O-O h6 6. Nbd2 Bf5 7. c4 e6 8. Ne5 c6 9. b3 Be7 10. Bb2 O-O 11. e3 Nbd7 12. Qe2 Qc7 13. Rac1 Rad8 14. Nxd7 Qxd7 15. a3 a5 16. c5 Qc7 17. b4 axb4 18. axb4 Ra8 19. Ra1 b6 20. Nb3 Nd7 21. Bc3 Qb7 22. Rfc1 1/2-1/2

[Event "Festival Groningen-A 2024"]
[Site "Groningen"]
[Date "2024.12.29"]
[Round "8.12"]
[White "Kazakouski, Valery"]
[Black "De Boer, Eelke"]
[Result "1-0"]
[ECO "C02"]
[WhiteElo "2567"]
[BlackElo "2426"]
[Annotator "TA"]
[PlyCount "89"]
[EventDate "2024.12.21"]
[EventType "swiss"]
[EventCountry "NED"]
[SourceTitle "playchess.com"]
[Source "ChessBase"]
[SourceQuality "1"]
[TimeControl "40/5400+30:1800+30"]

1. e4 e6 2. d4 d5 3. e5 c5 4. c3 Nc6 5. Nf3 Bd7 6. Be2 Nge7 7. O-O cxd4 8. cxd4 Nf5 9. Nc3 Qb6 10. Be3 (10. Na4 $5 Qa5 11. Bd2 $14) 10... Nxe3 11. fxe3 Be7 {[%emt 0:00:10] The position is equal.} 12. a3 O-O (12... Qxb2 $2 {perishes.} 13. Na4 $18) 13. b4 f6 14. Na4 Qd8 15. exf6 Bxf6 16. Nc5 b6 17. Nxd7 Qxd7 18. Rc1 {[%emt 0:00:08] Threatens to win with Bb5.} Qd6 19. Ba6 {[%emt 0:08:56] aiming for Bb7.} Ne7 20. Qc2 Nf5 21. Rfe1 Nh4 22. Qc7 Nxf3+ 23. gxf3 Be7 24. f4 Qxc7 25. Rxc7 Bd6 26. Rc6 Rad8 27. h4 Kf7 28. Re2 Ke7 29. Rg2 g6 30. h5 Rg8 31. Kf2 Kf6 ({Of course not} 31... gxh5 $6 32. Rh2 $16) 32. Bd3 (32. hxg6 {simplifies} hxg6 33. Rh2 Rd7 34. Rh1) 32... Bb8 33. Ke2 {[%emt 0:03:11] White is more active.} (33. b5 {simplifies} Ke7 34. a4 Kf7 35. Kf3) 33... Rc8 (33... Bd6 $14) 34. Rxc8 $16 Rxc8 35. hxg6 {[%emt 0:00:08][%mdl 4096] Endgame. KRB-KRB} Rg8 {[%emt 0:00:11] [#]} 36. g7 $1 Rxg7 37. Rh2 Bd6 38. Bxh7 Rg1 (38... Bf8 $14) 39. Rh6+ Ke7 40. Kf2 Rg7 41. Bg6 a5 42. bxa5 bxa5 43. a4 Bb4 44. Kf3 Kf6 $2 (44... Kd7 $16 45. Bh5 Bf8) 45. Bh5+ {[%emt 0:00:00] Weighted Error Value: White=0.07 (flawless) /Black=0.18 (very precise) .  Loses game:     	---       	Black=1      Mistake:       	---       	Black=2      Inaccurate:     	White=2     	Black=2      OK:         	White=14    	Black=14     Best:        	White=4     	---        Brilliant:      	White=1     	---} 1-0

[Event "Festival Groningen-A 2024"]
[Site "Groningen"]
[Date "2024.12.29"]
[Round "8.13"]
[White "Slagboom, Leandro"]
[Black "Ritzerveld, Noah"]
[Result "1/2-1/2"]
[ECO "A20"]
[WhiteElo "2370"]
[BlackElo "2182"]
[Annotator "TA"]
[PlyCount "98"]
[EventDate "2024.12.21"]
[EventType "swiss"]
[EventCountry "NED"]
[SourceTitle "playchess.com"]
[Source "ChessBase"]
[SourceQuality "1"]
[TimeControl "40/5400+30:1800+30"]

1. c4 e5 2. g3 Nf6 3. Bg2 d5 4. cxd5 Nxd5 5. Nf3 Nc6 6. O-O Be7 7. d4 e4 8. Ne5 f5 $1 9. Nxc6 bxc6 10. Qc2 Bd7 11. Nc3 O-O 12. f3 exf3 13. Rxf3 Be6 14. Nxd5 $1 cxd5 15. Qc6 Qd6 16. Rc3 {[%emt 0:01:12] Bf4 would now be deadly. White is more active.} Bf6 17. e3 ({Of course not} 17. Qxc7 $6 Bxd4+ 18. Kf1 Qxc7 19. Rxc7 Rac8 $11) 17... Rfc8 18. Bd2 Rab8 {[%emt 0:04:47] [#]} 19. Rac1 (19. b3 $1 $16) 19... Qxc6 $14 20. Rxc6 Rxb2 21. Be1 Kf7 22. Rxc7+ Rxc7 23. Rxc7+ Ke8 {[%emt 0:01:00] aiming for ...f4.} 24. Rxa7 g5 (24... f4 $1 $15 25. Ra8+ (25. gxf4 $2 Rb1 $19) 25... Kf7 26. Ra7+ (26. gxf4 $2 Rb1 $19) (26. exf4 $2 Bxd4+ 27. Kf1 Bg4 $19) 26... Kg6) 25. Bh3 Bd7 26. Ra5 Rb1 27. Kf2 Rb2+ 28. Kf1 Bb5+ (28... g4 $5 29. Bg2 $8 Bb5+ 30. Kg1 Bg5 $17) 29. Kg1 Rb1 30. Bf1 (30. Bxf5 $2 {loses.} Rxe1+ 31. Kf2 Re2+ 32. Kf3 Rb2 $19) 30... Rxe1 31. Rxb5 Rxe3 32. Rxd5 $11 {[%emt 0:00:10][%mdl 4096] Endgame KRB-KRB. White is a pawn up.} Re4 33. Rxf5 Bxd4+ 34. Kg2 Re5 35. Rf3 Re3 36. Rf2 h5 37. Rd2 Bc3 38. Rd5 Re5 39. Rd3 Ba5 40. h3 h4 41. Rd4 Be1 42. g4 Ke7 43. Kf3 Bc3 44. Rc4 Bd2 45. a4 Re3+ 46. Kf2 Ra3 47. Ke2 Bf4 48. Bg2 Kd6 49. Rd4+ Ke5 1/2-1/2

[Event "Festival Groningen-A 2024"]
[Site "Groningen"]
[Date "2024.12.29"]
[Round "8.14"]
[White "Dolzhykova, Kateryna"]
[Black "Mareau, Timothe"]
[Result "0-1"]
[ECO "B30"]
[WhiteElo "2322"]
[BlackElo "2168"]
[Annotator "RC"]
[PlyCount "148"]
[EventDate "2024.12.21"]
[EventType "swiss"]
[EventCountry "NED"]
[SourceTitle "playchess.com"]
[Source "ChessBase"]
[SourceQuality "1"]
[TimeControl "40/5400+30:1800+30"]

1. e4 c5 2. Nf3 Nc6 3. Bb5 Nf6 4. e5 Nd5 5. O-O Nc7 6. Bxc6 dxc6 7. Nc3 Bg4 8. d3 Nb5 9. Nxb5 cxb5 10. a4 bxa4 11. Rxa4 Qd7 12. Rc4 Rc8 13. Be3 b6 14. Qa1 Bxf3 15. gxf3 e6 16. b4 Rc7 17. bxc5 Bxc5 18. Qc3 Qd5 19. Bxc5 Rxc5 20. Rxc5 bxc5 21. Qb3 Qxe5 22. Qb5+ Ke7 23. Qa5 Qg5+ 24. Kh1 Qd5 25. Qxa7+ Kf6 26. Qa1+ Qd4 27. Qc1 Rd8 28. Rg1 Rd5 29. Qd2 h5 30. Rg3 c4 31. c3 Qxd3 32. Qf4+ Rf5 33. Qh4+ g5 34. Qxh5 Qf1+ 35. Rg1 Qxf2 36. h4 Qxf3+ 37. Qxf3 Rxf3 38. Rxg5 Rxc3 39. Kg2 Rd3 40. Rc5 c3 41. Rc7 Kg6 42. h5+ Kf6 43. h6 Rd5 44. Rxc3 Rg5+ 45. Kh3 Rh5+ 46. Kg4 Rxh6 47. Rf3+ Ke7 48. Ra3 Rg6+ 49. Kf4 Rf6+ 50. Ke4 Rf1 51. Ra7+ Kf6 52. Ra6 Rb1 53. Ra7 Rb4+ 54. Ke3 e5 55. Rc7 Kg6 56. Rc5 Kf5 57. Rc3 Rh4 58. Kf2 e4 59. Kg3 Rg4+ 60. Kf2 Kf4 61. Ra3 f5 62. Rh3 e3+ 63. Kf1 Ke4 64. Rh8 f4 65. Rh7 Kf3 66. Rh3+ Rg3 67. Rh1 e2+ 68. Ke1 Ke3 69. Rh3 Kf3 70. Rh1 Rg7 71. Rh3+ Kg2 72. Rh4 f3 73. Rf4 Ra7 74. Rg4+ Kh3 0-1

[Event "Festival Groningen-A 2024"]
[Site "Groningen"]
[Date "2024.12.29"]
[Round "8.15"]
[White "Kazarjan, Gachatur"]
[Black "Van der Hagen, Loek"]
[Result "1/2-1/2"]
[ECO "B62"]
[WhiteElo "2067"]
[BlackElo "2315"]
[Annotator "RC"]
[PlyCount "68"]
[EventDate "2024.12.21"]
[EventType "swiss"]
[EventCountry "NED"]
[SourceTitle "playchess.com"]
[Source "ChessBase"]
[SourceQuality "1"]
[TimeControl "40/5400+30:1800+30"]

1. e4 c5 2. Nf3 Nc6 3. d4 cxd4 4. Nxd4 Nf6 5. Nc3 d6 6. Bg5 e6 7. Qd3 Be7 8. O-O-O a6 9. f4 Bd7 10. Nf3 Qa5 11. Kb1 Rd8 12. Qe3 h6 13. Bxf6 gxf6 14. f5 b5 15. Ne2 Rc8 16. Nfd4 Nxd4 17. Nxd4 e5 18. Nb3 Qc7 19. Qd2 Bc6 20. Bd3 Rd8 21. Rhe1 d5 22. exd5 Bxd5 23. Qe2 Qc6 24. Be4 Bxe4 25. Rxd8+ Bxd8 26. Qxe4 Qxe4 27. Rxe4 Rg8 28. g4 h5 29. h3 hxg4 30. hxg4 Be7 31. a4 Kd7 32. axb5 axb5 33. c4 b4 34. c5 Rb8 1/2-1/2